 Dungeon Crawl Stone Soup version 0.17-a0-2101-g0c122e7 (webtiles) character file.

25405 4thArraOfDagon the Fencer (level 12, -6/100 HPs)
             Began as a Minotaur Fighter on Oct 18, 2015.
             Was an Elder of the Shining One.
             Mangled by an ettin
             ... wielding a +0 dire flail
              (16 damage)
             ... on level 4 of the Orcish Mines.
             The game lasted 00:29:57 (5341 turns).

4thArraOfDagon the Fencer (Minotaur Fighter)        Turns: 5341, Time: 00:29:57

Health: -6/100     AC: 24    Str: 22    XL:     12   Next: 89%
Magic:  8/8        EV:  4    Int:  9    God:    the Shining One [****..]
Gold:   363        SH:  9    Dex:  9    Spells: 0 memorised, 11 levels left

rFire  . . .     SeeInvis .     y - +8 long sword of the Priest {flame, rElec rPois rC+++ MP-9}
rCold  + + +     Clarity  .     A - +1 plate armour
rNeg   + + .     SustAt   .     c - +0 shield
rPois  +         Gourm    .     (helmet restricted)
rElec  +         Spirit   .     m - +2 cloak
rCorr  .         Warding  .     (no gloves)
rMut   .         Stasis   .     (no boots)
MR     .....                    (no amulet)
Stlth  ..........               H - ring of protection from cold
                                u - +3 ring of protection

@: glowing, not resistant to hostile enchantments, extremely unstealthy
A: retaliatory headbutt, horns 2, rough black scales 1
a: Divine Shield, Cleansing Flame, Renounce Religion


You were on level 4 of the Orcish Mines.
You worshipped the Shining One.
The Shining One was greatly pleased with you.
You were not hungry.

You visited 3 branches of the dungeon, and saw 19 of its levels.
You also visited: Bailey.

You collected 664 gold pieces.
You spent 301 gold pieces at shops.

Inventory:

Hand Weapons
 a - a +1 war axe
 y - the +8 long sword of the Priest (weapon) {flame, rElec rPois rC+++ MP-9}
   (You took it off an orc warrior on level 7 of the Dungeon)

   It has been specially enchanted to burn those struck by it, causing extra
   injury to most foes and up to half again as much damage against particularly
   susceptible opponents.
   Big, fiery blades are also staple armaments of hydra-hunters.
   It renders you almost immune to cold.
   It insulates you from electricity.
   It protects you from poison.
   It affects your magic capacity (-9).
Armour
 c - a +0 shield (worn)
 m - a +2 cloak (worn)
 A - a +1 plate armour (worn)
Magical Staves
 C - an uncursed staff of earth {unknown}
Jewellery
 b - an uncursed ring of ice
 h - an uncursed ring of wizardry
 n - a cursed ring of teleportation
 t - an uncursed ring of sustain attributes
 u - a +3 ring of protection (left hand)
 H - a ring of protection from cold (right hand)
Wands
 f - a wand of disintegration (5)
 q - a wand of random effects (0)
 M - a wand of slowing (25)
Scrolls
 k - a scroll of enchant armour
 l - 3 scrolls of remove curse
 r - a scroll of fear {unknown}
 v - a scroll of recharging {unknown}
 z - a scroll of torment {unknown}
 I - a scroll of amnesia {unknown}
 K - 2 scrolls of enchant weapon
 L - a scroll of immolation
Potions
 d - 3 potions of heal wounds {unknown}
 g - 3 potions of might
 j - a potion of invisibility {unknown}
 o - 4 potions of magic
 w - 5 potions of curing
 x - a potion of brilliance
 D - a potion of flight
 F - 2 potions of cancellation
Books
 G - a book of the Sky

   Spells                             Type                      Level
   a - Summon Lightning Spire         Summoning/Air                4
   b - Airstrike                      Air                          4
   c - Silence                        Hexes/Air                    5
   d - Deflect Missiles               Charms/Air                   6
   e - Conjure Ball Lightning         Conjuration/Air              6
   f - Tornado                        Air                          9
 J - a book of Clouds

   Spells                             Type                      Level
   a - Mephitic Cloud                 Conjuration/Poison/Air       3
   b - Conjure Flame                  Conjuration/Fire             3
   c - Poisonous Cloud                Conjuration/Poison/Air       6
   d - Freezing Cloud                 Conjuration/Ice/Air          6
   e - Ring of Flames                 Charms/Fire                  7
Comestibles
 e - 10 bread rations
 i - a meat ration
 p - 4 chunks of flesh
 s - 8 fruits
 E - a royal jelly


   Skills:
 - Level 7.3 Fighting
 - Level 17.1 Long Blades
 - Level 8.0 Axes
 - Level 7.0 Armour
 - Level 3.6 Shields
 * Level 8.9 Invocations
 - Level 8.0 Evocations


You had 11 spell levels left.
You didn't know any spells.

Dungeon Overview and Level Annotations

Branches:
Dungeon (14/15)            Temple (1/1) D:5             Orc (4/4) D:11
   Lair: D:8-11         Elf: Orc:3-4     Vaults: D:13-14

Altars:
Ashenzari
Cheibriados
Elyvilon
Fedhas
Gozag
Kikubaaqudgha
Nemelex Xobeh
Okawaru
Qazlal
Ru
Sif Muna
Trog
Vehumet
Xom
Yredelemnul
The Shining One
Beogh

Shops:
D:5 *   D:12 =

Annotations:
D:4 brucemayne's ghost, weakling HOMo
D:6 radek's ghost, novice DECj
D:9 Gastronok


Innate Abilities, Weirdness & Mutations

You reflexively headbutt those who attack you in melee.
You have a pair of horns on your head.
You are partially covered in rough black scales (AC +4, Dex -1).


Message History

The ettin is moderately wounded.
The ettin hits you with a dire flail!! x2
You slash the ettin! You burn the ettin. You headbutt the ettin.
The ettin is heavily wounded.
The ettin hits you with a dire flail!! You block the ettin's attack.
You slash the ettin! You burn the ettin.
The ettin is almost dead.
You slash the ettin! You burn the ettin. Your headbutt misses the ettin.
The ettin is almost dead.
You block the ettin's attack. The ettin hits you with a dire flail!!
* * * LOW HITPOINT WARNING * * *
You are too injured to fight recklessly!
You are too injured to fight recklessly!
Unknown command.
You completely miss the ettin.
The ettin is almost dead.
The ettin hits you with a dire flail!
* * * LOW HITPOINT WARNING * * *
The ettin hits you with a dire flail!
You die...

## ###########
..###.#..#.#......#.#.#
...................... #
..................... .
....o...............#.##
...............#....#.#.
......$C................
.......@.........)....#.
.............#..<.......
#...............).†.....
.................[)..#.#
................).)..<..
...........#....))).....
.....................#.#
..............#.........
.......................


You could see an ettin and an orc.

Vanquished Creatures
  2 hydras
  4 centaur warriors
  The ghost of nublet the Fighter, a novice CeGl of Kikubaaqudgha (Bailey)
  A skeletal warrior (D:12)
  4 hill giants
  An orc knight (Bailey)
  A wolf spider (shapeshifter) (D:12)
  A wizard (D:11)
  3 ugly things
  2 cyclopes
  A manticore (D:12)
  4 centaur zombies
  5 gargoyles
  A kobold demonologist (D:13)
  2 two-headed ogres
  4 slime creatures (D:13)
  A wyvern (D:11)
  16 yaks
  2 shadows
  8 vampire mosquitoes
  2 wraiths
  A deep elf fighter (D:12)
  3 hippogriffs
  2 mottled dragons
  A warg (Orc:1)
  4 ice beasts
  2 phantoms
  3 sky beasts
  A black bear (D:9)
  4 ogres
  7 orc warriors
  2 centaurs (D:10)
  A gnoll sergeant (D:7)
  2 big kobolds (D:11)
  4 giant frogs
  9 killer bees
  3 scorpions
  10 wights
  4 electric eels (D:9)
  4 crimson imps
  A giant frog zombie (D:9)
  3 iguanas
  16 orc wizards
  12 worker ants
  2 hounds
  4 jellies
  2 giant frog skeletons
  4 centaur skeletons
  4 orc priests
  A killer bee zombie (D:9)
  3 sheep (D:12)
  A hound zombie (D:11)
  A hound skeleton (D:6)
  16 gnolls
  4 adders
  A giant gecko (D:5)
  73 orcs
  2 ball pythons
  5 goblins
  13 hobgoblins
  5 jackals
  4 quokkas
  2 giant cockroaches
  2 giant newts
  25 kobolds
  A quokka skeleton (D:9)
  A rat (D:2)
341 creatures vanquished.

Notes
Turn   | Place    | Note
--------------------------------------------------------------
     0 | D:1      | 4thArraOfDagon the Minotaur Fighter began the quest for the Orb.
     0 | D:1      | Reached XP level 1. HP: 19/19 MP: 0/0
   169 | D:2      | Reached XP level 2. HP: 18/27 MP: 1/1
   216 | D:2      | Found an opulent altar of Gozag.
   309 | D:4      | Found a shimmering altar of Xom.
   338 | D:4      | Found a roughly hewn altar of Beogh.
   358 | D:4      | Reached skill level 4 in Fighting
   358 | D:4      | Reached XP level 3. HP: 14/33 MP: 2/2
   428 | D:4      | Noticed brucemayne's ghost (weakling HOMo)
   445 | D:5      | Entered Level 5 of the Dungeon
   469 | D:5      | Reached XP level 4. HP: 32/40 MP: 3/3
   717 | D:7      | Reached skill level 5 in Axes
   717 | D:7      | Reached XP level 5. HP: 27/47 MP: 4/4
   727 | D:7      | Gained mutation: You are frail (-10% HP). [potion of mutation]
   727 | D:7      | Gained mutation: You tend to lose your temper in combat. [potion of mutation]
   727 | D:7      | Gained mutation: You have a pair of large horns on your head. [potion of mutation]
   730 | D:7      | Reached skill level 5 in Fighting
   733 | D:7      | Reached skill level 5 in Armour
   733 | D:7      | Reached XP level 6. HP: 21/50 MP: 5/5
   811 | D:7      | Reached skill level 6 in Axes
   832 | D:7      | Noticed an orc warrior
   843 | D:7      | Noticed a hippogriff
   865 | D:7      | Killed a hippogriff
   865 | D:7      | Reached XP level 7. HP: 12/55 MP: 6/6
   987 | D:6      | Noticed an ice beast
   995 | D:6      | Noticed radek's ghost (novice DECj)
   997 | D:6      | Killed an ice beast
   997 | D:6      | Reached skill level 7 in Axes
  1113 | D:7      | Got a scorched long sword {flame}
  1155 | D:5      | Found a staircase to the Ecumenical Temple.
  1160 | D:5      | Reached skill level 8 in Axes
  1168 | Temple   | Entered the Ecumenical Temple
  1220 | Temple   | Became a worshipper of the Shining One
  1222 | Temple   | Identified the +8 long sword of the Priest {flame, rElec rPois rC+++ MP-9} (You took it off an orc warrior on level 7 of the Dungeon)
  1269 | D:5      | Found Viruykuo's Assorted Antiques.
  1273 | D:5      | Bought a fuming green potion for 13 gold pieces
  1273 | D:5      | Bought a scroll labeled HEISUD ZUUH for 15 gold pieces
  1273 | D:5      | Bought a scroll labeled URAOREU SAUGATH for 15 gold pieces
  1273 | D:5      | Bought a viscous white potion for 13 gold pieces
  1273 | D:5      | Bought a puce potion for 13 gold pieces
  1301 | D:5      | Reached skill level 1 in Long Blades
  1396 | D:5      | Reached XP level 8. HP: 54/63 MP: 0/7
  1420 | D:6      | Noticed an orc warrior
  1443 | D:6      | Killed an orc warrior
  1443 | D:6      | Reached skill level 5 in Long Blades
  1486 | D:6      | Noticed an orc warrior
  1496 | D:6      | Noticed a giant frog
  1501 | D:6      | Killed a giant frog
  1552 | D:7      | Killed an orc warrior
  1599 | D:8      | Noticed a two-headed ogre
  1603 | D:8      | Killed a two-headed ogre
  1618 | D:7      | Reached * piety under the Shining One
  1716 | D:8      | Reached skill level 9 in Long Blades
  1716 | D:8      | Reached XP level 9. HP: 41/70 MP: 0/8
  1795 | D:9      | Reached skill level 10 in Long Blades
  1864 | D:9      | Reached skill level 11 in Long Blades
  1971 | D:9      | Noticed Gastronok
  2115 | D:9      | Reached skill level 12 in Long Blades
  2147 | D:9      | Reached ** piety under the Shining One
  2178 | D:10     | Entered Level 10 of the Dungeon
  2178 | D:10     | Noticed a five-headed hydra
  2186 | D:10     | Killed a one-headed hydra
  2186 | D:10     | Reached skill level 13 in Long Blades
  2186 | D:10     | Reached XP level 10. HP: 24/75 MP: 0/9
  2306 | D:10     | Noticed a hill giant
  2313 | D:10     | Killed a hill giant
  2375 | D:9      | Found a shattered altar of Ashenzari.
  2375 | D:9      | Found a bloodstained altar of Trog.
  2376 | D:9      | Found a snail-covered altar of Cheibriados.
  2377 | D:9      | Found a deep blue altar of Sif Muna.
  2378 | D:9      | Found a sacrificial altar of Ru.
  2379 | D:9      | Found an ancient bone altar of Kikubaaqudgha.
  2463 | D:10     | Reached skill level 14 in Long Blades
  2538 | D:10     | Gained mutation: You regenerate slowly when monsters are visible. [mutagenic meat]
  2539 | D:10     | Gained mutation: You are partially covered in rough black scales (AC +4, Dex -1). [mutagenic meat]
  2540 | D:10     | Gained mutation: You are covered in fur (AC +1). [mutagenic meat]
  2675 | D:11     | Noticed a hill giant
  2685 | D:11     | Killed a hill giant
  2754 | D:10     | Noticed a hill giant
  2754 | D:10     | Noticed a gargoyle
  2759 | D:11     | Killed a gargoyle
  2759 | D:11     | Reached skill level 15 in Long Blades
  2909 | D:12     | Noticed a brown ugly thing
  2978 | D:12     | Reached skill level 16 in Long Blades
  2997 | D:12     | Noticed a hill giant
  3008 | D:12     | Killed a hill giant
  3008 | D:12     | Reached XP level 11. HP: 77/81 MP: 8/10
  3039 | D:12     | Found a flagged portal.
  3050 | Bailey   | Entered a bailey
  3174 | Bailey   | RIP
  3260 | Bailey   | Noticed nublet's ghost (novice CeGl)
  3276 | Bailey   | Killed nublet's ghost
  3294 | Bailey   | Lost mutation: You have a pair of large horns on your head. [potion of cure mutation]
  3294 | Bailey   | Lost mutation: You are frail (-10% HP). [potion of cure mutation]
  3294 | Bailey   | Lost mutation: You are covered in fur (AC +1). [potion of cure mutation]
  3294 | Bailey   | Lost mutation: You tend to lose your temper in combat. [potion of cure mutation]
  3294 | Bailey   | Lost mutation: You regenerate slowly when monsters are visible. [potion of cure mutation]
  3337 | D:12     | Found Ahanuust's Jewellery Emporium.
  3340 | D:12     | Bought a cursed ring of teleportation for 232 gold pieces
  3352 | D:12     | Reached *** piety under the Shining One
  3361 | D:12     | Noticed a purple ugly thing
  3363 | D:12     | Reached skill level 1 in Evocations
  3366 | D:12     | Killed a purple ugly thing
  3366 | D:12     | Reached skill level 1 in Invocations
  3367 | D:12     | Noticed a skeletal warrior
  3374 | D:12     | Noticed a centaur warrior
  3397 | D:12     | Killed a skeletal warrior
  3403 | D:12     | Killed a centaur warrior
  3403 | D:12     | Reached skill level 17 in Long Blades
  3853 | D:12     | Noticed a centaur warrior
  3864 | D:14     | Noticed a centaur warrior
  3875 | D:14     | Killed a centaur warrior
  3952 | D:13     | Reached skill level 5 in Invocations
  3952 | D:13     | Reached XP level 12. HP: 68/100 MP: 5/14
  4030 | D:14     | Noticed a centaur warrior
  4030 | D:14     | Reached **** piety under the Shining One
  4056 | D:14     | Killed a centaur warrior
  4056 | D:14     | Reached skill level 5 in Evocations
  4180 | D:12     | Killed a centaur warrior
  4188 | D:12     | Noticed a manticore
  4194 | D:12     | Killed a manticore
  4235 | D:12     | Killed a brown ugly thing
  4243 | D:12     | Noticed a cyclops
  4273 | D:12     | Killed a cyclops
  4377 | D:11     | Noticed a red ugly thing
  4386 | D:11     | Killed a red ugly thing
  4392 | D:11     | Noticed a wizard
  4399 | D:11     | Killed a wizard
  4462 | D:11     | Noticed a cyclops
  4478 | D:11     | Killed a cyclops
  4640 | D:12     | Noticed a cyclops
  4693 | D:11     | Noticed an eight-headed hydra
  4700 | D:11     | Killed a three-headed hydra
  4767 | D:10     | Killed a hill giant
  5054 | D:11     | Found a staircase to the Orcish Mines.
  5062 | D:11     | :(
  5063 | Orc:1    | Entered Level 1 of the Orcish Mines
  5094 | Orc:1    | Found a roughly hewn altar of Beogh.
  5294 | Orc:4    | Entered Level 4 of the Orcish Mines
  5331 | Orc:4    | Noticed an ettin
  5341 | Orc:4    | Mangled by an ettin

Vault maps used:
D:1:      dpeg_arrival_chase
D:2:      grunt_temple_overflow_gold_and_silver, minivault_4,
          kennysheep_generic_room_15
D:4:      minmay_door_path, nicolae_dithmenos_shadow_blocks, xom_butterflies,
          lemuel_crystal_altar, serial_glass, glass_columns_a, glass_columns_b,
          kennysheep_orc_chapel
D:5:      minmay_temple_entry_mist, first_bread, serial_shops,
          nicolae_shop_behind_doors, lemuel_flamethrower_2
D:6:      uniq_sigmund, uniq_edmund
D:7:      the_bakery
D:8:      minmay_lair_entry_lava
D:9:      grunt_temple_overflow_open, uniq_gastronok
D:10:     serial_column_ruins, column_ruins_hut_pillars, column_ruins_hut,
          column_ruins_grid_3, column_ruins_open_tiny, column_ruins_open_tiny,
          column_ruins_corridor_corner, column_ruins_open_tiny,
          grunt_ministairs_7
D:11:     minmay_opposing_rooms, orc_0_dummy, serial_shops, shop,
          kennysheep_small_square
D:12:     enter_bailey_3, serial_shops, nicolae_shop_behind_doors, minivault_28
D:13:     item_on_display_a
D:14:     minmay_curly_fans, erik_vaults_2, minivault_25, lemuel_angel_altar
Temple:   jpeg_temple_alley_garden_8
Orc:1:    basic_altar, led_sif_book
Orc:2:    lightli_church_of_beogh
Orc:3:    nicolae_orc_pool_cavern
Orc:4:    st_orc_ogre_mass, serial_shops, shop
Bailey:   bailey_axe_2, bailey

Action                   |  1- 3 |  4- 6 |  7- 9 | 10-12 || total
-------------------------+-------+-------+-------+-------++-------
Melee: War axe           |    35 |     6 |       |       ||    41
       Morningstar       |       |    29 |    52 |       ||    81
       Long sword        |       |       |   182 |   553 ||   735
Invok: Divine Shield     |       |       |       |     4 ||     4
Evoke: Wand              |     2 |     3 |     2 |     1 ||     8
  Use: Potion            |       |     5 |       |     6 ||    11
       Scroll            |       |       |     1 |    13 ||    14
 Stab: Confused          |     1 |       |       |       ||     1
  Eat: Fruit             |       |     1 |       |       ||     1
       Chunk             |       |       |     7 |    13 ||    20
       Beef jerky        |       |       |       |     4 ||     4
